 Dungeon Crawl Stone Soup version 0.31-a0-728-g01b46875f1 (webtiles) character file.

Game seed: 13548359171334955692

22885 gruber the Frost Mage (level 12, -8/115 HPs)
             Began as a Yellow Draconian Ice Elementalist on Sept 10, 2023.
             Was an Elder of Vehumet.
             Mangled by a fire crab (shapeshifter) (15 damage)
             ... on level 13 of the Dungeon on Sept 11, 2023.
             The game lasted 00:28:49 (15938 turns).

gruber the Frost Mage (DrIE)                       Turns: 15938, Time: 00:28:49

Health: -8/115     AC: 16    Str: 17    XL:     12   Next: 67%
Magic:  14/24      EV: 14    Int: 22    God:    Vehumet [****..]
Gold:   969        SH:  0    Dex: 12    Spells: 16/27 levels left

rFire   . . .        g - staff of cold
rCold   + . .        (no shield)
rNeg    + . .        (body armour unavailable)
rPois   .            (helmet restricted)
rElec   .            I - +1 cloak {rCorr}
rCorr   +            L - +0 pair of gloves
SInv    .            D - +0 pair of boots
Will    .....        w - amulet of the acrobat
Stlth   ++           d - +4 ring of protection
HPRegen 0.39/turn    A - ring "Fesie" {rN+ Str+6 Int+2}
MPRegen 0.19/turn

%: acrobat
@: no status effects
A: spit acid, AC +8, unfitting armour, cold-blooded, acid resistance
a: Breathe Acid, Renounce Religion


You were on level 13 of the Dungeon.
You worshipped Vehumet.
Vehumet was greatly pleased with you.
You visited 2 branches of the dungeon, and saw 14 of its levels.
You also visited: Ice Cave.

You collected 969 gold pieces.

Inventory:

Missiles
 v - 2 throwing nets
 H - 5 curare-tipped darts
Armour
 D - a +0 pair of boots (worn)
 I - a +1 cloak of preservation (worn)
 L - a +0 pair of gloves (worn)
Magical Staves
 g - a staff of cold (weapon)
Jewellery
 d - a +4 ring of protection (left hand)
 q - an amulet of reflection
 w - an amulet of the acrobat (around neck)
 A - the ring "Fesie" (right hand) {rN+ Str+6 Int+2}
   (You found it on level 7 of the Dungeon)

   [ring of strength]

   Str+6:     It affects your strength (+6).
   Int+2:     It affects your intelligence (+2).
   rN+:       It protects you from negative energy.
 J - a +4 ring of protection
 K - a ring of protection from fire
Wands
 t - a wand of iceblast (15)
 F - a wand of polymorph (4)
Scrolls
 b - a scroll of vulnerability {unknown}
 c - 4 scrolls of teleportation
 j - 3 scrolls of poison {unknown}
 k - a scroll of silence {unknown}
 l - 3 scrolls of enchant weapon {unknown}
 m - 3 scrolls of enchant armour {unknown}
 u - a scroll of revelation {unknown}
 x - 4 scrolls of identify {unknown}
 y - a scroll of noise {unknown}
 z - 2 scrolls of amnesia {unknown}
 E - a scroll of torment {unknown}
 G - 2 scrolls of immolation {unknown}
 M - a scroll of fear {unknown}
Potions
 a - a potion of magic
 e - 2 potions of enlightenment {unknown}
 f - 4 potions of heal wounds {unknown}
 h - 2 potions of lignification {unknown}
 i - 3 potions of haste {unknown}
 n - 2 potions of brilliance {unknown}
 o - 2 potions of attraction {unknown}
 p - 2 potions of ambrosia {unknown}
 r - 2 potions of invisibility {unknown}
 s - 2 potions of curing {unknown}
 B - a potion of berserk rage {unknown}
 C - 12 potions of degeneration


   Skills:
 - Level 13.0 Fighting
 - Level 7.1 Dodging
 - Level 1.7 Stealth
 - Level 8.0 Spellcasting
 * Level 14.4 Ice Magic


You had 16 spell levels left.
You knew the following spells:

 Your Spells              Type           Power      Damage    Failure   Level
a - Freeze                Ice            100%       1d10      0%          1
b - Frozen Ramparts       Ice            100%       1d16      1%          3
c - Ozocubu's Armour      Ice            83%        N/A       1%          3
d - Summon Ice Beast      Ice/Summ       57%        N/A       3%          4

Your spell library contained the following spells:

 Spells                   Type           Power      Damage    Failure   Level
 Yara's Violent Unravell  Hex/Tmut       4%         3d4       45%         5
 Ignite Poison            Fire/Tmut/Pois 8%         N/A       6%          3
 Apportation              Tloc           16%        N/A       8%          1
 Slow                     Hex            32%        N/A       8%          1
 Jinxbite                 Hex            16%        N/A       11%         2
 Olgreb's Toxic Radiance  Pois           8%         N/A       19%         4
 Sticky Flame             Conj/Fire      8%         2d3       19%         4
 Confusing Touch          Hex            8%         N/A       22%         3
 Sigil of Binding         Hex            8%         N/A       22%         3
 Vampiric Draining        Necr           8%         2d6       22%         3
 Alistair's Intoxication  Tmut/Pois      5%         N/A       90%         5
 Discord                  Hex            4%         N/A       100%        8
 Ignition                 Fire           4%         3d4       100%        8


Dungeon Overview and Level Annotations

Branches:
Dungeon (13/15)            Temple (1/1) D:4            Lair (0/5) D:10
    Orc (0/2) D:10          IceCv (visited)
 Vaults: D:13-14

Altars:
Ashenzari
Cheibriados
Dithmenos
Elyvilon
Fedhas
Gozag
Hepliaklqana
Nemelex Xobeh
Okawaru
Qazlal
Ru
Sif Muna
Trog
Uskayaw
Vehumet
Wu Jian
Yredelemnul
Zin
The Shining One

Shops:
D:3 =

Annotations:
D:4 Grinder


Innate Abilities, Weirdness & Mutations

You can spit globs of acid.
Your golden yellow scales are hard. (AC +8)
You cannot fit into any form of body armour.
You are cold-blooded and may be slowed by cold attacks.
You are resistant to acid. (rCorr)


Message History

You feel a surge of power!
You freeze the fire crab.
The fire crab is heavily wounded.
You are engulfed in blazing flames.
The fire crab closely misses you. The fire crab claws you.
You are engulfed in flames!
You feel a surge of power!
You freeze the fire crab.
The fire crab is severely wounded.
You are engulfed in blazing flames.
The fire crab bites you.
You are engulfed in flames!
The fire crab claws you.
* * * LOW HITPOINT WARNING * * *
You are engulfed in flames!
* * * LOW HITPOINT WARNING * * *
Unknown command.
Casting: Freeze (safe; 0% risk of failure)
Confirm with . or Enter, or press ? or * to list all spells.
You don't know that spell.
Casting: Freeze (safe; 0% risk of failure)
Confirm with . or Enter, or press ? or * to list all spells.
Aiming: Freeze (safe; 0% risk of failure)
Press: ? - help, Shift-Dir - straight line, f/p - fire crab
Aim: a fire crab shaped shifter (severely wounded)
You feel a surge of power!
You freeze the fire crab!
The fire crab is almost dead.
The fire crab barely misses you. The fire crab claws you.
* * * LOW HITPOINT WARNING * * *
You are engulfed in flames!
* * * LOW HITPOINT WARNING * * *
Unknown command.
Unknown command.
Casting: Freeze (safe; 0% risk of failure)
Confirm with . or Enter, or press ? or * to list all spells.
Aiming: Freeze (safe; 0% risk of failure)
Press: ? - help, Shift-Dir - straight line, f/p - fire crab
Aim: a fire crab shaped shifter (almost dead)
You feel a surge of power!
You freeze the fire crab.
The fire crab is almost dead.
You have got your breath back.
The fire crab bites you.
* * * LOW HITPOINT WARNING * * *
You are engulfed in flames!
You die...

#.....[.....##.......
#########'#####+#####
#....# #......
####'###### ######.
#.........## ##
#..........########
#..........#.......
#.......>..#.......
#.@................
#.t.......#........
#.........#........
#.........#........
#.........##.......
##'####### #.......
#..# #....... #.##
######## ###'######
#..


You could see a fire crab shaped shifter.

Vanquished Creatures
  A catoblepas (D:13)
  A boulder beetle (D:11)
  A two-headed ogre (D:10)
  Sonja (D:13)
  Pikel (D:7)
  A manticore (D:13)
  3 ugly things
  A cyclops (D:11)
  Maurice (D:12)
  An ice statue (IceCv)
  A gargoyle (D:12)
  A rime drake (IceCv)
  Jeremiah (D:7)
  A troll (D:10)
  7 polar bears
  7 slime creatures (D:12)
  A wraith (D:10)
  17 yaks
  8 vampire mosquitoes
  A steam dragon (D:6)
  Menkaure (D:5)
  3 acid dragons
  Duvessa (D:5)
  A nameless horror (D:7)
  2 ice beasts
  A black bear (shapeshifter) (D:13)
  5 orc warriors
  2 sky beasts
  An ogre (D:6)
  4 black bears
  11 wolves (IceCv)
  4 centaurs
  2 lemures (D:7)
  Blork the orc (D:4)
  2 kobold brigands
  2 gnoll sergeants (D:6)
  4 bullfrogs
  2 scorpions
  Dowan (D:5)
  A wight (D:7)
  4 howler monkeys
  7 hounds
  7 orc priests
  2 sleepcaps (D:6)
  3 gnoll boudas
  2 jellies
  9 iguanas
  11 orc wizards
  17 gnolls
  8 adders
  A shadow imp (D:8)
  6 worms
  3 dart slugs
  26 orcs
  10 ball pythons
  7 endoplasms
  7 goblins
  11 hobgoblins
  14 jackals
  14 kobolds
  3 quokkas
  8 bats
  3 frilled lizards
  7 rats
298 creatures vanquished.

Vanquished Creatures (collateral kills)
  A boulder beetle (D:11)
  A two-headed ogre (D:11)
  A death yak (IceCv)
  A cyclops (D:13)
  An unseen horror (D:11)
  A rime drake (IceCv)
  A polar bear (IceCv)
  2 shadows
  3 yaks
  4 vampire mosquitoes
  A swamp drake (D:10)
  An ice beast (D:8)
  A wolf (IceCv)
  A kobold brigand (D:9)
  2 wights (D:8)
  2 howler monkeys
  2 hounds (D:8)
  An orc priest (D:10)
  A gnoll (D:8)
  A white imp (D:7)
  An orc (D:12)
30 creatures vanquished.

Grand Total: 328 creatures vanquished

Notes
Turn   | Place    | Note
-------+----------+-------------------------------------------
     0 | D:1      | gruber the Draconian Ice Elementalist began the quest for
                  | the Orb.
     0 | D:1      | Reached XP level 1. HP: 14/14 MP: 3/3
    75 | D:1      | Reached XP level 2. HP: 5/20 MP: 1/5
   684 | D:1      | Reached skill level 5 in Ice Magic
   719 | D:1      | Reached XP level 3. HP: 26/26 MP: 6/6
   870 | D:2      | Learned a level 3 spell: Frozen Ramparts
  1330 | D:2      | Reached XP level 4. HP: 33/33 MP: 5/7
  1911 | D:3      | Found Tostroynn's Jewellery Emporium.
  2103 | D:3      | Found a broken altar of Ashenzari.
  2206 | D:3      | Reached skill level 6 in Ice Magic
  2728 | D:4      | Noticed a kobold brigand
  2735 | D:4      | Killed a kobold brigand
  2736 | D:4      | Reached XP level 5. HP: 38/38 MP: 2/8
  2853 | D:4      | Reached skill level 7 in Ice Magic
  2939 | D:4      | Found a staircase to the Ecumenical Temple.
  2955 | Temple   | Entered the Ecumenical Temple
  3048 | D:4      | Noticed Blork the orc
  3054 | D:4      | Killed Blork the orc
  3055 | D:4      | Reached XP level 6. HP: 33/45 MP: 3/9
  3358 | D:4      | Found a sacrificial altar of Ru.
  3419 | D:4      | Noticed Grinder
  3734 | D:4      | Learned a level 3 spell: Ozocubu's Armour
  3753 | D:5      | Entered Level 5 of the Dungeon
  3806 | D:5      | Found a hazy altar of Hepliaklqana.
  3812 | D:5      | Reached skill level 8 in Ice Magic
  3923 | D:5      | Your scales start taking on a golden yellow colour.
  3923 | D:5      | Reached XP level 7. HP: 48/50 MP: 1/10
  3923 | D:5      | Gained mutation: You are resistant to acid. (rCorr) [Yellow
                  | Draconian growth]
  4046 | D:5      | Noticed Duvessa
  4047 | D:5      | Noticed Dowan
  4049 | D:5      | Killed Duvessa
  4050 | D:5      | Reached skill level 9 in Ice Magic
  4053 | D:5      | Killed Dowan
  4393 | D:5      | Found a basalt altar of Yredelemnul.
  4450 | D:5      | Noticed Menkaure
  4456 | D:5      | Killed Menkaure
  4457 | D:5      | Reached skill level 10 in Ice Magic
  4576 | D:5      | Reached XP level 8. HP: 57/57 MP: 4/11
  4750 | D:5      | Found a radiant altar of Vehumet.
  4763 | D:5      | Became a worshipper of Vehumet
  5065 | D:6      | Reached skill level 11 in Ice Magic
  5067 | D:6      | Reached skill level 1 in Fighting
  5376 | D:6      | Found a stormy altar of Qazlal.
  5418 | D:6      | Reached skill level 5 in Fighting
  5466 | D:6      | Found a sparkling altar of Nemelex Xobeh.
  5562 | D:6      | Reached * piety under Vehumet
  5562 | D:6      | Offered knowledge of Magic Dart by Vehumet.
  5575 | D:6      | Reached XP level 9. HP: 33/77 MP: 2/12
  6206 | D:7      | Found an ornate altar of the Wu Jian Council.
  6432 | D:7      | Noticed Jeremiah
  6459 | D:7      | Learned a level 4 spell: Summon Ice Beast
  6561 | D:7      | Noticed Pikel
  6575 | D:7      | Killed Pikel
  6576 | D:7      | Reached skill level 5 in Dodging
  6799 | D:7      | Identified the ring "Fesie" {rN+ Str+6 Int+2}
  6856 | D:7      | Killed Jeremiah
  8085 | D:8      | Found a glowing silver altar of Zin.
  8115 | D:8      | Offered knowledge of Static Discharge by Vehumet.
  8167 | D:8      | Reached ** piety under Vehumet
  8421 | D:8      | Reached XP level 10. HP: 86/86 MP: 9/13
  9210 | D:9      | You fall into a shaft and drop 1 floor!
  9210 | D:10     | Entered Level 10 of the Dungeon
  9264 | D:10     | Found an opulent altar of Gozag.
  9310 | D:10     | Offered knowledge of Mephitic Cloud by Vehumet.
  9324 | D:10     | Reached skill level 5 in Spellcasting
  9344 | D:10     | Noticed a two-headed ogre
  9376 | D:10     | Killed a two-headed ogre
  9960 | D:10     | Found a staircase to the Orcish Mines.
 10069 | D:10     | Reached *** piety under Vehumet
 10316 | D:10     | Found a staircase to the Lair.
 10481 | D:10     | Noticed a moth of wrath
 10496 | D:10     | Found a bloodstained altar of Trog.
 10641 | D:11     | Noticed a two-headed ogre
 10648 | D:11     | Killed a two-headed ogre
 10649 | D:11     | Reached skill level 12 in Ice Magic
 10726 | D:11     | Noticed a boulder beetle
 10760 | D:11     | Killed a boulder beetle
 10999 | D:11     | Noticed a cyclops
 11014 | D:11     | Killed a cyclops
 11015 | D:11     | Reached XP level 11. HP: 92/92 MP: 15/20
 11166 | D:11     | Reached skill level 13 in Ice Magic
 11177 | D:11     | Offered knowledge of Flame Wave by Vehumet.
 11273 | D:11     | Noticed a green ugly thing
 11335 | D:11     | Killed a green ugly thing
 11658 | D:11     | Noticed a boulder beetle
 11683 | D:11     | Killed a boulder beetle
 11837 | D:11     | Upgraded the game from 0.31-a0-716-gc7603755dd to
                  | 0.31-a0-728-g01b46875f1
 11905 | D:12     | Reached skill level 14 in Ice Magic
 11942 | D:12     | Noticed Maurice
 11949 | D:12     | Killed Maurice
 12166 | D:12     | Noticed Snorg
 12197 | D:12     | Snorg changed into Snorg the polar bear
 12197 | D:12     | Noticed Snorg
 12208 | D:12     | Killed Snorg the polar bear
 12883 | D:12     | Reached **** piety under Vehumet
 12967 | D:12     | Reached skill level 10 in Fighting
 12984 | D:12     | Offered knowledge of Yara's Violent Unravelling by Vehumet.
 13419 | D:13     | Noticed Sonja
 13425 | D:13     | Killed Sonja
 13659 | D:13     | Found a frozen archway.
 13721 | IceCv    | Entered an ice cave
 13815 | IceCv    | Reached XP level 12. HP: 107/110 MP: 14/21
 14929 | IceCv    | Noticed a death yak
 14934 | IceCv    | Killed a death yak
 15133 | IceCv    | Noticed a frost giant
 15632 | D:13     | Noticed a catoblepas
 15651 | D:13     | Killed a catoblepas
 15938 | D:13     | Mangled by a fire crab (shapeshifter)

Illustrated notes

Levels and vault maps discovered:
D:1:      dpeg_arrival_rooms_c, layout_loops_ring, chequers_serial_rivers_room_a
D:2:      layout_loops_corners, corexii_leaking_fountain
D:3:      layout_basic, evilmike_ruin_ashenzari, nicolae_overflow_hidden_temple,
          serial_shops, shop
D:4:      cheibrodos_thug_alley, layout_rooms,
          nicolae_ru_great_annihilating_truth, minmay_temple_entry_wispy,
          uniq_blork_the_orc, uniq_grinder
D:5:      layout_loops_cross, lemuel_crystal_altar,
          mainiacjoe_overflow_alcove_2, mainiacjoe_overflow_small_starburst,
          kennysheep_donut, uniq_menkaure, uniq_duvessa
D:6:      layout_rooms, mainiacjoe_overflow_boulevard,
          mainiacjoe_overflow_concentric_impassable,
          cheibrodos_sewer_entry_bend, minivault_11, solitary_fountain
D:7:      layout_loops_ring, nzn_wu_jian_council_hall, uniq_pikel, uniq_jeremiah
D:8:      layout_cave_pools, zin_treasury, serial_gnoll_camp,
          gnoll_camp_mini_hut, gnoll_camp_mini_loothouse, gnoll_camp_mini_hut,
          gnoll_camp_mini_doghouse, gnoll_camp_mini_doghouse
D:9:      minmay_spotlight, layout_rooms, lemuel_crystal_altar, enter_bailey_3
D:10:     layout_loops_ring, lemuel_crystal_altar, tgw_trog, lair_entry_dummy,
          erik_orc_1
D:11:     layout_big_octagon
D:12:     layout_stronghold, minmay_fractal_squares_5, uniq_maurice, uniq_snorg
D:13:     layout_roguey [special_room_bee], david_vaults_2,
          portal_ice_cave_entry_pillars_2, uniq_sonja
Temple:   hellmonk_temple_two_chambers

Skill      XL: |  1  2  3  4  5  6  7  8  9 10 11 12 |
---------------+-------------------------------------+-----
Ice Magic      | 5 6 7 8 10 11 12 14 | 14.4
Fighting       | 6 7 11 13 | 13.0
Dodging        | 7 |  7.1
Spellcasting   | 6 8 |  8.0
Stealth        | |  1.7

Action                     |  1- 3 |  4- 6 |  7- 9 | 10-12 || total
---------------------------+-------+-------+-------+-------++-------
  Melee: Unarmed           |    33 |       |       |       ||    33
         Tailslap          |    10 |     4 |    20 |    52 ||    86
         Punch             |     1 |     1 |     3 |     1 ||     6
         Dagger            |    33 |       |       |       ||    33
         Staff             |    11 |    29 |    74 |   205 ||   319
   Cast: Freeze            |    31 |    55 |    64 |   138 ||   288
         Frozen Ramparts   |     2 |    11 |    35 |    75 ||   123
         Ozocubu's Armour  |       |     1 |    14 |    58 ||    73
         Summon Ice Beast  |       |       |     5 |    48 ||    53
Ability: Breathe Acid      |       |       |    12 |    20 ||    32
  Evoke: Wand              |       |       |       |     6 ||     6
    Use: Scroll            |       |       |       |     1 ||     1
   Stab: Sleeping          |     1 |       |       |       ||     1
         Distracted        |       |       |       |     4 ||     4
 Armour: Skin              |    46 |    41 |    97 |   405 ||   589
  Dodge: Dodged            |    73 |    45 |   101 |   462 ||   681

Table legend: (Time is in decaauts)
 A = Elapsed time spent in this place.
 B = Non-inter-level travel time spent in this place.
 C = Inter-level travel time spent in this place.
 D = Time resting spent in this place.
 E = Time spent auto-exploring this place.
 F = Levels seen in this place.
 G = Mean time per level.
                   A        B        C        D        E       F      G
               +--------+--------+--------+--------+--------+-----+--------+
         Total |  16047 |  15647 |    400 |    583 |  12382 |  15 | 1069.8 |
       Dungeon |  14485 |  14090 |    395 |    501 |  11295 |  13 | 1114.2 |
        Temple |     15 |     10 |      5 |      0 |      6 |   1 |   15.0 |
      Ice Cave |   1545 |   1545 |      0 |     82 |   1081 |   1 | 1545.0 |
               +--------+--------+--------+--------+--------+-----+--------+

Top non-repeatable levels by time:
    D:12: 1565 daAuts
   IceCv: 1545 daAuts
     D:7: 1454 daAuts
     D:8: 1411 daAuts
    D:10: 1401 daAuts
     D:6: 1271 daAuts
    D:11: 1248 daAuts
     D:5: 1173 daAuts
     D:2: 1057 daAuts
    D:13: 1041 daAuts
     D:3: 924 daAuts
     D:4: 911 daAuts
     D:1: 856 daAuts
     D:9: 170 daAuts
  Temple: 15 daAuts
